 Dungeon Crawl Stone Soup version 0.20.1-1-g8b1a95d66d (webtiles) character file.

156 Popi the Slasher (level 5, 0/42 HPs)
             Began as a Human Fighter on Dec 17, 2017.
             Slain by Grinder (5 damage)
             ... while paralysed by Grinder
             ... on level 3 of the Dungeon.
             The game lasted 00:05:31 (1822 turns).

Popi the Slasher (Human Fighter)                    Turns: 1822, Time: 00:05:31

Health: 0/42       AC: 12    Str: 17    XL:     5   Next: 64%
Magic:  5/5        EV:  2    Int:  9    God:
Gold:   107        SH:  0    Dex: 12    Spells: 4/4 levels left

rFire    . . .     SeeInvis .   a - +0 long sword
rCold    + . .     Gourm    .   (no shield)
rNeg     . . .     Faith    .   q - +2 chain mail {rC+}
rPois    .         Spirit   .   (no helmet)
rElec    .         Reflect  .   (no cloak)
rCorr    .         Harm     .   k - +0 pair of gloves
MR       .....                  (no boots)
Stlth    ..........             (no amulet)
Regen    0.2/turn               (no ring)
MPRegen  0.1/turn               (no ring)

@: paralysed
A: no striking features
a: no special abilities


You were on level 3 of the Dungeon.
You were not hungry.

You visited 1 branch of the dungeon, and saw 3 of its levels.

You collected 107 gold pieces.

Inventory:

Hand Weapons
 a - a +0 long sword (weapon)
Armour
 c - a +0 shield
 k - a +0 pair of gloves (worn)
 q - a +2 chain mail of cold resistance (worn)
Scrolls
 e - 3 scrolls of identify {unknown}
 h - 2 scrolls of remove curse {unknown}
 j - 3 scrolls of noise {unknown}
 l - a scroll of teleportation {unknown}
 o - a scroll of recharging {unknown}
 r - 2 scrolls of magic mapping {unknown}
Potions
 d - a potion of might
 g - a potion of heal wounds {unknown}
 i - 2 potions of agility {unknown}
 m - a potion of degeneration {unknown}
 n - a potion of haste {unknown}
 p - a potion of flight {unknown}
Comestibles
 f - 3 bread rations


   Skills:
 - Level 4.0 Fighting
 - Level 4.0 Long Blades
 + Level 3.7 Armour
 - Level 3.0 Shields


You had 4 spell levels left.
You didn't know any spells.

Dungeon Overview and Level Annotations

Branches:
Dungeon (3/15)

Altars:
Elyvilon
Fedhas

Annotations:
D:3 Grinder


Message History

You closely miss Grinder.
Grinder is lightly wounded.
Grinder hits you.
* * * LOW HITPOINT WARNING * * *
You writhe in agony.
* * * LOW HITPOINT WARNING * * *
You hit Grinder.
Grinder is lightly wounded.
Grinder hits you but does no damage.
You hit Grinder but do no damage.
Grinder is lightly wounded.
Grinder hits you but does no damage.
You hit Grinder.
Grinder is moderately wounded.
Grinder gestures at you.
You suddenly lose the ability to move!
Grinder hits you but does no damage. Grinder hits you.
* * * LOW HITPOINT WARNING * * *
You writhe in agony.
You die...

.## #. .# .5s .. ##.# #o#
.##.... #.# ....... #o###
####### ##....... #..<.
#.....## #........###..#.
#..##..########..?...>##..(...
#...##.......@5......##..(....
#....#################..(....#
###..####...###...####o(#.(.##
#o.###....###....###..##.##
#.o###....###....###..##.#
#.o##..#...#...#..##..#..##
##..#..##.....##..#..###..#
##....###...###..†.#####.##
##..[###...###...####.<...


You could see Grinder.

Vanquished Creatures
  Terence (D:2)
  Robin (D:2)
  6 adders
  A dart slug (D:1)
  A leopard gecko (D:2)
  An orc (D:3)
  A ball python (D:2)
  7 bats
  2 giant cockroaches
  13 goblins
  9 hobgoblins
  9 kobolds
  A quokka (D:3)
  2 frilled lizards
  5 rats
60 creatures vanquished.

Notes
Turn   | Place    | Note
-------+----------+-------------------------------------------
     0 | D:1      | Popi the Human Fighter began the quest for the Orb.
     0 | D:1      | Reached XP level 1. HP: 18/18 MP: 1/1
    11 | D:1      | Noticed an electric eel
   105 | D:1      | Reached XP level 2. HP: 19/24 MP: 2/2
   515 | D:1      | Reached XP level 3. HP: 27/29 MP: 3/3
   658 | D:2      | Found a blossoming altar of Fedhas.
   853 | D:2      | Reached XP level 4. HP: 35/35 MP: 4/4
   947 | D:2      | Noticed Robin
   971 | D:2      | Killed Robin
  1353 | D:2      | Noticed Terence
  1362 | D:2      | Killed Terence
  1362 | D:2      | Reached XP level 5. HP: 29/42 MP: 5/5
  1385 | D:2      | Found a white marble altar of Elyvilon.
  1750 | D:3      | Noticed Grinder
  1821 | D:3      | Paralysed by Grinder for 6 turns
  1822 | D:3      | Slain by Grinder

Skill      XL: |  1  2  3  4 |
---------------+-------------+-----
Long Blades    | 3 4 |  4.0
Fighting       | 4 |  4.0
Armour         | |  3.7
Shields        | |  3.0

Action                   |  1- 3 |  4- 6 || total
-------------------------+-------+-------++-------
Melee: Long sword        |    56 |   120 ||   176
  Eat: Chunk             |       |     3 ||     3
Armor: Scale mail        |    27 |    21 ||    48
       Chain mail        |       |    73 ||    73
Dodge: Dodged            |    29 |    64 ||    93
       Rpst.: Long sword |    12 |    20 ||    32
